 Dungeon Crawl Stone Soup version 0.29-a0-994-gc5c9f59 (webtiles) character file.

Game seed: 4037340940758512806

4 Smartspark the Slasher (level 1, -1/16 HPs)
             Began as a Demonspawn Gladiator on Aug 3, 2022.
             Slain by a goblin
             ... wielding a +0 dagger
              (2 damage)
             ... on level 1 of the Dungeon.
             The game lasted 00:00:26 (52 turns).

Smartspark the Slasher (Demonspawn Gladiator)         Turns: 52, Time: 00:00:27

Health: -1/16      AC:  4    Str: 14    XL:     1   Next: 50%
Magic:  1/1        EV: 12    Int:  9    God:
Gold:   0          SH:  0    Dex: 14    Spells: 0/0 levels left

rFire   . . .      SeeInvis .   a - +0 long sword
rCold   . . .      Faith    .   (no shield)
rNeg    . . .      Spirit   .   b - +0 leather armour
rPois   .          Reflect  .   c - +0 helmet
rElec   .          Harm     .   (no cloak)
rCorr   .          Rampage  .   (no gloves)
Will    .....                   (no boots)
Stlth   +.........              (no amulet)
HPRegen 0.05/turn               (no ring)
MPRegen 0.07/turn               (no ring)

@: no status effects
A: no striking features
a: no special abilities


You were on level 1 of the Dungeon.
You visited 1 branch of the dungeon, and saw 1 of its levels.

Inventory:

Hand Weapons
 a - a +0 long sword (weapon)
Missiles
 d - 3 throwing nets (quivered)
 e - a javelin
Armour
 b - a +0 leather armour (worn)
 c - a +0 helmet (worn)


   Skills:
 + Level 2.0 Fighting
 + Level 2.8 Long Blades
 + Level 1.8 Throwing
 + Level 2.8 Dodging


You couldn't memorise any spells.
You didn't know any spells.
Your spell library was empty.

Dungeon Overview and Level Annotations

Branches:
Dungeon (1/15)

Altars:


Message History

The dart slug launches a dart at you. The slug dart hits you.
The goblin hits you but does no damage. The goblin closely misses you.
The goblin hits you but does no damage. The goblin hits you with a +0 club.
You closely miss the goblin. The goblin hits you with a +0 club.
You closely miss the goblin. The goblin hits you with a +0 club.
The goblin hits you with a +0 club.
* * * LOW HITPOINT WARNING * * *
The goblin attacks as you move away! The goblin closely misses you.
You aren't carrying any potions.
Unknown command.
You hit the goblin but do no damage. The goblin barely misses you.
Sorry, you're not good enough to have a special ability.
You hit the goblin.
You kill the goblin!
You hit the dart slug.
The dart slug is heavily wounded.
The dart slug launches a dart at you.
The slug dart hits you but does no damage.
You slash the dart slug!
You kill the dart slug!
You start resting.
A goblin comes into view. It is wielding a +0 dagger.
A goblin is nearby!
You start resting.
A goblin is nearby!
A goblin is nearby!
The goblin shouts!
A frilled lizard comes into view.
The frilled lizard hisses angrily.
You closely miss the goblin. The goblin barely misses you.
The frilled lizard bites you but does no damage.
You closely miss the goblin. The goblin hits you with a +0 dagger.
* * * LOW HITPOINT WARNING * * *
The frilled lizard closely misses you.
The frilled lizard bites you but does no damage.
The goblin hits you with a +0 dagger.
You die...

...............##
##...≈≈≈)≈≈≈..#.#
#...≈≈.....≈≈....
...≈≈.♣..8..≈≈..#
..≈≈.......♣.≈≈.#
..≈.....♣.....≈.##
#.≈..8........≈...
#.≈≈....gl8..≈≈..#
#..≈≈...@...≈≈(.#
##..≈≈.....≈≈..##
##..≈≈≈≈≈≈≈..##
##.....^....#
##.#.#####.# #...#
.# ###.# # #.# #.#


You could see a goblin and a frilled lizard.

Vanquished Creatures
  A dart slug (D:1)
  A goblin (D:1)
2 creatures vanquished.

Notes
Turn   | Place    | Note
-------+----------+-------------------------------------------
     0 | D:1      | Smartspark the Demonspawn Gladiator began the quest for the
                  | Orb.
     0 | D:1      | Reached XP level 1. HP: 16/16 MP: 1/1
    52 | D:1      | Slain by a goblin

Illustrated notes

Levels and vault maps discovered:
D:1:      moated_graveyard_arrival, layout_loops_ring, serial_shops,
          nicolae_shop_statue_plus, nicolae_shop_waterfront

Action                   || total
-------------------------++-------
Melee: Long sword        ||     8
Armor: Leather armour    ||     5
Dodge: Dodged            ||     5

Table legend: (Time is in decaauts)
 A = Elapsed time spent in this place.
 B = Non-inter-level travel time spent in this place.
 C = Inter-level travel time spent in this place.
 D = Time resting spent in this place.
 E = Time spent auto-exploring this place.
 F = Levels seen in this place.
 G = Mean time per level.
                   A        B        C        D        E       F      G
               +--------+--------+--------+--------+--------+-----+--------+
         Total |     53 |     53 |      0 |     16 |      3 |   1 |   53.0 |
       Dungeon |     53 |     53 |      0 |     16 |      3 |   1 |   53.0 |
               +--------+--------+--------+--------+--------+-----+--------+

Top non-repeatable levels by time:
     D:1: 53 daAuts
